[Event "*** Titled Tuesday Blitz"]
[Site "Chess.com"]
[Date "2021.02.02"]
[Round "6"]
[White "paulrusan"]
[Black "flexova"]
[Result "0-1"]
[WhiteElo "2259"]
[BlackElo "2428"]
[TimeControl "180+1"]
[EndTime "11:07:07 PST"]
[Termination "flexova won by resignation"]

1. e4 e6 2. Nf3 d5 3. e5 Bd7 4. d4 c5 5. c3 Nc6 6. a3 f6 7. exf6 Nxf6 8. b4 cxb4 9. a4 bxc3 10. Nxc3 Bb4 11. Bd2 O-O 12. Bd3 Qa5 13. Qb3 Rac8 14. O-O Nxd4 15. Nxd4 Bxc3 16. Bxc3 Rxc3 17. Qb1 e5 18.
Ne2 Rc7 19. f4 e4 20. Bb5 Bxb5 21. axb5 Qb6+ 22. Kh1 d4 23. Ng3 h6 24. Nxe4 Ng4 25.
h3 Ne3 26. Rf3 Rf5 27. Nf2 Rxb5 28. Qe4 Rb2 29. f5 Qf6 30. Rxa7 Rc1+ 31. Kh2 Nf1+ 32. Kg1 Ng3+ 33. Kh2 Nxe4 34. Nxe4 Qe5+ 35. Ng3 Rcc2 36. h4 Rxg2+ 37. Kh3 Rxg3+ 38. Rxg3 Qxf5+ 0-1

[Event "*** Titled Tuesday Blitz"]
[Site "Chess.com"]
[Date "2021.02.02"]
[Round "6"]
[White "PelinGorki"]
[Black "druskacik"]
[Result "1-0"]
[WhiteElo "2471"]
[BlackElo "2586"]
[TimeControl "180+1"]
[EndTime "11:07:09 PST"]
[Termination "PelinGorki won by checkmate"]

1. e4 c5 2. a3 Nc6 3. b4 b6 4. Nf3 Nf6 5. Nc3 g6 6. Rb1 Bg7 7. Bc4 O-O 8. bxc5 bxc5 9. O-O e6 10. Re1 d5 11. exd5 exd5 12. Bb5 Qd6 13. h3 Rb8 14. d3 Be6 15. Bd2 Rb6 16. Bxc6 Qxc6 17. Ne2 Rfb8 18. Rxb6 Rxb6 19. Nf4 Bd7 20. Ne5 Qd6 21. d4 cxd4 22. Bb4 Qb8 23. Nxd5 Re6 24. Nxf6+ Bxf6 25. Nxd7 Qf4 26.
Rxe6 fxe6 27. Nxf6+ Qxf6 28. Qf3 Qe5 29. Qf8# 1-0

[Event "*** Titled Tuesday Blitz"]
[Site "Chess.com"]
[Date "2021.02.02"]
[Round "6"]
[White "SanQui14"]
[Black "Mambastik-Fantastic"]
[Result "0-1"]
[WhiteElo "2421"]
[BlackElo "2285"]
[TimeControl "180+1"]
[EndTime "11:07:09 PST"]
[Termination "Mambastik-Fantastic won by resignation"]

1. d4 Nf6 2. c4 g6 3. Nc3 Bg7 4. e4 d6 5. Nf3 O-O 6. Be2 Nbd7 7. O-O e5 8. Be3 c6 9. dxe5 dxe5 10. c5 Nh5 11. b4 Nf4 12. Bc4 Kh8 13. Qc2 a5 14. a3 f5 15. Rad1 axb4 16. axb4 Ra3 17.
Rd6 Rxc3 18. Qxc3 fxe4 19. Nd2 Qg5 20. g3 Nf6 21. Rxf6 Bxf6 22. Nxe4 Nh3+ 23. Kg2 Qh5 24. f4 Bf5 25. Nxf6 Rxf6 26. Qxe5 Nxf4+ 27. Rxf4 Bh3+ 28. Kf2 Qxe5 29. Bd4 Qxd4+ 0-1

[Event "*** Titled Tuesday Blitz"]
[Site "Chess.com"]
[Date "2021.02.02"]
[Round "6"]
[White "VladaSviridova"]
[Black "OMGCovid-19"]
[Result "1-0"]
[WhiteElo "2245"]
[BlackElo "1955"]
[TimeControl "180+1"]
[EndTime "11:07:09 PST"]
[Termination "VladaSviridova won by resignation"]

1. d4 e6 2. c4 f5 3. g3 Nf6 4. Bg2 Bb4+ 5. Nd2 O-O 6. a3 Bxd2+ 7. Bxd2 d6 8. Nf3 Nc6 9. O-O Ne4 10. Be3 Bd7 11. d5 Ne5 12. Nxe5 dxe5 13. dxe6 Bxe6 14. Qc2 Qe7 15. Bxe4 fxe4 16. Qxe4 Bh3 17. Rfd1 c6 18. b4 Bf5 19. Qg2 Qe6 20. Rac1 Bh3 21. Qe4 Bf5 22.
Qh4 Bg4 23. f3 Bf5 24. Bc5 Rf6 25. Rd6 Qf7 26. Rxf6 gxf6 27. Rd1 Qxc4 28. Qxc4+ 1-0

[Event "*** Titled Tuesday Blitz"]
[Site "Chess.com"]
[Date "2021.02.02"]
[Round "6"]
[White "mr65"]
[Black "Ziyamammadov"]
[Result "0-1"]
[WhiteElo "2121"]
[BlackElo "1751"]
[TimeControl "180+1"]
[EndTime "11:07:09 PST"]
[Termination "Ziyamammadov won by resignation"]

1. e4 e6 2. d4 d5 3. Nc3 dxe4 4. Nxe4 Nd7 5. Bd3 Ngf6 6. Nxf6+ Nxf6 7. Nf3 Be7 8. O-O O-O 9. Bf4 h6 10. Qd2 Re8 11.
Rfe1 c5 12. Bxh6 gxh6 13. Qxh6 Bf8 14. Qh4 Bg7 15. Ng5 Qxd4 16. Bh7+ Kf8 17. Qg3 e5 18.
Rad1 Qg4 19. Qc3 Nxh7 20. Nxh7+ Kg8 21. h3 Qg6 22. Re3 Qxh7 0-1

[Event "*** Titled Tuesday Blitz"]
[Site "Chess.com"]
[Date "2021.02.02"]
[Round "6"]
[White "kobemagic"]
[Black "davidkalashian"]
[Result "0-1"]
[WhiteElo "2362"]
[BlackElo "2569"]
[TimeControl "180+1"]
[EndTime "11:07:10 PST"]
[Termination "davidkalashian won by resignation"]

1. c4 Nf6 2. g3 e6 3. Bg2 d5 4.
Nf3 Be7 5. O-O O-O 6. d4 dxc4 7. Qa4 a6 8. Qxc4 b5 9. Qc2 Bb7 10. a4 Nbd7 11. axb5 axb5 12. Rxa8 Bxa8 13. Bf4 Nd5 14. Bd2 c5 15. dxc5 Nxc5 16. Nc3 Nb4 17. Qc1 Bxf3 18. Bxf3 Nb3 19. Qd1 Nxd2 20. Re1 Nxf3+ 21. exf3 Qb6 22. Qd7 Bf6 23. Qxb5 Qxb5 24. Nxb5 Nd3 25. Rd1 Nxb2 26. Rd7 Nc4 27. Kg2 Rb8 28. Na7 g5 29. Nc6 Rb2 30.
Rc7 Ne3+ 31. Kh3 Rxf2 32. Rd7 h5 0-1

[Event "*** Titled Tuesday Blitz"]
[Site "Chess.com"]
[Date "2021.02.02"]
[Round "6"]
[White "SGchess01"]
[Black "Beca95"]
[Result "1-0"]
[WhiteElo "2823"]
[BlackElo "2889"]
[TimeControl "180+1"]
[EndTime "11:07:12 PST"]
[Termination "SGchess01 won by resignation"]

1. e4 e5 2. Nf3 Nf6 3. Nxe5 d6 4. Nd3 Nxe4 5. Qe2 Qe7 6. Nf4 Nf6 7. d4 Qxe2+ 8. Bxe2 g6 9. c3 Bg7 10. h4 h6 11. Na3 a6 12. Nc4 Nc6 13. Ne3 Ne7 14.
g4 Bd7 15. f3 O-O-O 16. Kf2 Bc6 17. Bd2 Nfd5 18. Nexd5 Nxd5 19. Bc4 Nxf4 20. Bxf4 Rhf8 21.
Rae1 Rde8 22. Rxe8+ Bxe8 23. Bd5 Bc6 24. Bxc6 bxc6 25.
h5 g5 26. Bc1 f5 27. gxf5 Rxf5 28. Kg3 c5 29. Kg4 Rd5 30. dxc5 Rxc5 31. Re1 Kd7 32. f4 gxf4 33. Bxf4 Rb5 34. Re2 Rd5 35. c4 Rd4 36. Kf5 Rxc4 37. Rg2 Bf8 38. b3 Rd4 39. Rg8 Ke7 40.
Rh8 Rxf4+ 41. Kxf4 Kf7 42. Rh7+ Bg7 43. Kf5 Kg8 44.
Kg6 1-0

[Event "*** Titled Tuesday Blitz"]
[Site "Chess.com"]
[Date "2021.02.02"]
[Round "6"]
[White "Kobalia"]
[Black "BilodeauA"]
[Result "0-1"]
[WhiteElo "2693"]
[BlackElo "2871"]
[TimeControl "180+1"]
[EndTime "11:07:14 PST"]
[Termination "BilodeauA won on time"]

1. e4 e5 2. Nf3 Nc6 3. Bb5 a6 4. Ba4 d6 5. O-O Bd7 6. Re1 Nge7 7. d4 Ng6 8. c4 Be7 9. Nc3 O-O 10. Nd5 Bg4 11.
Be3 exd4 12. Bxd4 Nce5 13. Kh1 c6 14. Nxe7+ Qxe7 15. Qe2 Nf4 16. Qd2 Nxg2 17. Nxe5 dxe5 18. Kxg2 Rad8 19. f3 Be6 20. Bb3 Rxd4 21. Qe3 Rfd8 22. Re2 c5 23. Rg1 Rd3 24. Qf2 Qg5+ 25. Kh1 Qf4 26. Rg3 g6 27. Qxc5 Rxf3 28. Qe7 Rxg3 29. Qxd8+ Kg7 0-1

[Event "*** Titled Tuesday Blitz"]
[Site "Chess.com"]
[Date "2021.02.02"]
[Round "6"]
[White "Machidon"]
[Black "PavelShkapenko"]
[Result "1/2-1/2"]
[WhiteElo "2559"]
[BlackElo "2724"]
[TimeControl "180+1"]
[EndTime "11:07:14 PST"]
[Termination "Game drawn by repetition"]

1. d4 Nf6 2. c4 e6 3. Nc3 Bb4 4. Bd2 c5 5. e3 O-O 6. a3 Bxc3 7. Bxc3 Ne4 8. Rc1 d6 9. Nf3 b6 10. Be2 Bb7 11. O-O Nxc3 12. Rxc3 Qe7 13. b4 Nd7 14. Qb3 Nf6 15. Rd1 Rac8 16. a4 Ba8 17. a5 bxa5 18. bxc5 dxc5 19. Qa3 Qc7 20. Ra1 cxd4 21.
Nxd4 Ne4 22. Rc2 Rb8 23. f3 Nc5 24. Qxa5 Qe7 25. Qxa7 Qg5 26. Kf2 Qh4+ 27. Kg1 Qg5 28.
Kf2 Qh4+ 29. Kg1 Qg5 1/2-1/2

[Event "*** Titled Tuesday Blitz"]
[Site "Chess.com"]
[Date "2021.02.02"]
[Round "6"]
[White "lamomiablanca"]
[Black "Kapitan_Bayan"]
[Result "0-1"]
[WhiteElo "2287"]
[BlackElo "2440"]
[TimeControl "180+1"]
[EndTime "11:07:14 PST"]
[Termination "Kapitan_Bayan won by resignation"]

1. e4 Nc6 2. d4 d5 3. e5 Bf5 4. Nf3 Qd7 5. Be2 f6 6. exf6 gxf6 7. O-O O-O-O 8. Nh4 Kb8 9. Nxf5 Qxf5 10. c3 e5 11.
dxe5 fxe5 12. Qd3 e4 13. Qg3 Bd6 14. Qg5 Nge7 15. Qxf5 Nxf5 16. g3 h5 17. Be3 h4 18.
Bg5 Rdg8 19. Bf6 Rh6 20. Bd4 Ncxd4 21. cxd4 Nxd4 22. Bd1 Bc5 23. Kg2 Rgh8 24. Nc3 hxg3 25. hxg3 Rh2+ 0-1

[Event "*** Titled Tuesday Blitz"]
[Site "Chess.com"]
[Date "2021.02.02"]
[Round "6"]
[White "CraiggoryC"]
[Black "Happy1712Drummer"]
[Result "0-1"]
[WhiteElo "2127"]
[BlackElo "2347"]
[TimeControl "180+1"]
[EndTime "11:07:14 PST"]
[Termination "Happy1712Drummer won by resignation"]

1. e4 c6 2. Nf3 d5 3. e5 Bg4 4. d4 e6 5. c3 h6 6. Be3 Nd7 7. Nbd2 Ne7 8. Bd3 Nf5 9. O-O Nxe3 10. fxe3 Be7 11. Qe1 O-O 12. Qg3 Bh5 13. Qh3 Bxf3 14.
Rxf3 c5 15. Raf1 Qb6 16. Qh5 c4 17. Bb1 f5 18. Rg3 Qxb2 19. Qxh6 Rf7 20. Qxe6 Qxd2 21. Rxf5 Qe1+ 0-1

[Event "*** Titled Tuesday Blitz"]
[Site "Chess.com"]
[Date "2021.02.02"]
[Round "6"]
[White "manmanlai1"]
[Black "Supernotar"]
[Result "0-1"]
[WhiteElo "2468"]
[BlackElo "2773"]
[TimeControl "180+1"]
[EndTime "11:07:16 PST"]
[Termination "Supernotar won on time"]

1. d4 d5 2. c4 dxc4 3. Nf3 Nf6 4. e3 e6 5. Bxc4 a6 6. a4 c5 7. dxc5 Bxc5 8. Qxd8+ Kxd8 9. Nfd2 Nc6 10. Nb3 Ba7 11. Ke2 Ne5 12. Na3 Bd7 13. Na5 Rb8 14. Rd1 Ke7 15. Bb3 Rhc8 16. Bd2 Ne4 17. Be1 b6 18. N5c4 Nxc4 19. Nxc4 Nc5 20. Bb4 a5 21. Ba3 b5 22. axb5 Bxb5 23. Ba2 Kf6 24. Ke1 Ne4 25.
Rac1 Bc5 26. Bxc5 Nxc5 27. f3 a4 28. Kf2 Bxc4 29. Bxc4 Rxb2+ 0-1

[Event "*** Titled Tuesday Blitz"]
[Site "Chess.com"]
[Date "2021.02.02"]
[Round "6"]
[White "cstevens1"]
[Black "PattyCastillo"]
[Result "1-0"]
[WhiteElo "2663"]
[BlackElo "2042"]
[TimeControl "180+1"]
[EndTime "11:07:17 PST"]
[Termination "cstevens1 won by resignation"]

1. e4 c5 2. Nf3 d6 3. d4 cxd4 4.
Nxd4 Nf6 5. f3 a6 6. c4 e5 7. Nb3 Be6 8. Nc3 Nbd7 9. Be3 Rc8 10. Nd5 Bxd5 11. cxd5 Be7 12. Qd2 O-O 13. Be2 Nb6 14. Na5 Rb8 15. O-O Nfd7 16. Kh1 f5 17. Bd3 f4 18. Bg1 Na4 19. b4 Qe8 20. Rfc1 Bd8 21. Nc4 Qe7 22. Rab1 Nab6 23. Na5 Qh4 24. b5 axb5 25.
Rxb5 Na4 26. Nxb7 g5 27. Nxd6 Rxb5 28. Bxb5 Nab6 29. Nf5 Qh5 30. Rc6 Nf6 31. Bxb6 Bxb6 32. Rxb6 g4 33. Be2 g3 34. h3 Qg6 35. Ne7+ 1-0

[Event "*** Titled Tuesday Blitz"]
[Site "Chess.com"]
[Date "2021.02.02"]
[Round "6"]
[White "Enriquack"]
[Black "MPGM"]
[Result "0-1"]
[WhiteElo "2446"]
[BlackElo "2596"]
[TimeControl "180+1"]
[EndTime "11:07:18 PST"]
[Termination "MPGM won by resignation"]

1. e4 e5 2. f4 exf4 3. Nf3 d6 4. d4 g5 5. Nc3 Bg7 6. g3 Nc6 7. Bb5 Bd7 8. Bxc6 bxc6 9. gxf4 g4 10. Ng1 Qh4+ 11. Kf1 Nf6 12. Qe1 Qxe1+ 13. Kxe1 O-O 14. Nge2 Rae8 15. e5 Nh5 16. Kf2 dxe5 17. dxe5 f6 18. e6 Bxe6 19. Nd4 f5 20. Be3 Nxf4 21.
Nxc6 Nh3+ 22. Kg3 f4+ 0-1

[Event "*** Titled Tuesday Blitz"]
[Site "Chess.com"]
[Date "2021.02.02"]
[Round "6"]
[White "KononenkoD"]
[Black "svilson23"]
[Result "1-0"]
[WhiteElo "2534"]
[BlackElo "2278"]
[TimeControl "180+1"]
[EndTime "11:07:20 PST"]
[Termination "KononenkoD won by resignation"]

1. d4 Nf6 2. c4 e6 3. g3 Bb4+ 4.
Bd2 Be7 5. Bg2 d5 6. Nf3 O-O 7. O-O c6 8. Qc2 Nbd7 9. Rd1 b6 10. Bf4 Ba6 11. Nbd2 Rc8 12. Qa4 Bxc4 13. Nxc4 dxc4 14. Qxc4 c5 15. Ne5 cxd4 16. Nc6 Qe8 17. Qxd4 Bc5 18. Qd2 e5 19. Be3 a5 20. Rac1 Qe6 21. Na7 Rcd8 22. Bxc5 bxc5 23. Nc6 Rc8 24. Qd6 Qxa2 25. Ne7+ Kh8 26. Nxc8 Rxc8 27. Bh3 Rd8 28. Bxd7 Nxd7 29. Qe7 1-0

[Event "*** Titled Tuesday Blitz"]
[Site "Chess.com"]
[Date "2021.02.02"]
[Round "6"]
[White "kekic76"]
[Black "francyIM"]
[Result "1-0"]
[WhiteElo "2392"]
[BlackElo "2620"]
[TimeControl "180+1"]
[EndTime "11:07:21 PST"]
[Termination "kekic76 won by resignation"]

1. e4 e6 2. d4 d5 3. exd5 exd5 4. Bd3 Bd6 5. Ne2 Qf6 6. c3 Nc6 7. Nd2 Bf5 8. Nf3 O-O-O 9. Qc2 Bxd3 10. Qxd3 h6 11.
O-O Nge7 12. Ng3 g5 13. Nh5 Qg6 14. Qxg6 fxg6 15. Ng3 g4 16. Ne1 h5 17. Nd3 Rdf8 18.
Ne2 h4 19. Bf4 Bxf4 20. Nexf4 g5 21. Ne6 Rhg8 22. Nxf8 Rxf8 23. Rae1 Kd7 24. Ne5+ Kd6 25. Nxc6 Nxc6 26. Re3 Rf6 27. Rfe1 b5 28. Re8 b4 29. Rg8 bxc3 30. bxc3 Rf5 31. Ree8 g3 32. hxg3 hxg3 33. fxg3 Rf6 34. Rxg5 Na5 35. Rd8+ Kc6 36. Rdxd5 Nb7 37. g4 Rf4 38. Rdf5 Re4 39. Kf2 Nd6 40. Rc5+ Kb6 41.
Rg6 Rf4+ 42. Kg3 Re4 43. Rxd6+ cxd6 44. Rf5 Re2 45. Rf2 Re3+ 46. Rf3 Re2 47. g5 Rxa2 48. g6 Ra5 49. Kg4 Ra2 50. g3 Re2 51. g7 Re8 52. Rf8 1-0

[Event "*** Titled Tuesday Blitz"]
[Site "Chess.com"]
[Date "2021.02.02"]
[Round "6"]
[White "Aygehovit1992"]
[Black "ljuks68"]
[Result "1-0"]
[WhiteElo "2610"]
[BlackElo "2374"]
[TimeControl "180+1"]
[EndTime "11:07:21 PST"]
[Termination "Aygehovit1992 won by resignation"]

1. e4 e6 2. Nc3 d5 3. d4 Bb4 4. e5 Ne7 5. Qg4 c5 6. a3 Bxc3+ 7. bxc3 Qc7 8. Qxg7 Rg8 9. Qxh7 cxd4 10. Rb1 Qxe5+ 11. Ne2 dxc3 12. Bf4 Qf6 13. h4 Nbc6 14. Bg5 Qf5 15. Qxf5 Nxf5 16. Nxc3 a6 17. Bd3 Ncd4 18. Ne2 e5 19. Nxd4 Nxd4 20. f3 b5 21. Kf2 Bf5 22. Rbe1 Bxd3 23. Rxe5+ Kd7 24. Rxd5+ Kc6 25. Rxd4 Bc4 26.
Bf6 Rae8 27. g4 Re2+ 28. Kg3 Rxc2 29. h5 Kc5 30. Rf4 Bd3 31. h6 Bh7 32. Bg7 1-0

[Event "*** Titled Tuesday Blitz"]
[Site "Chess.com"]
[Date "2021.02.02"]
[Round "6"]
[White "HristosBanikas"]
[Black "Vanina1989"]
[Result "0-1"]
[WhiteElo "2816"]
[BlackElo "2703"]
[TimeControl "180+1"]
[EndTime "11:07:22 PST"]
[Termination "Vanina1989 won by resignation"]

1. d4 d5 2. c4 c6 3. Nf3 Nf6 4. e3 Bf5 5. Nc3 e6 6. Nh4 Be4 7. f3 Bg6 8. Qb3 Qc7 9. g3 dxc4 10. Bxc4 a6 11. Bd2 b5 12. Be2 c5 13. dxc5 Nbd7 14.
Nxg6 hxg6 15. Qc2 Bxc5 16. Ne4 Nxe4 17. Qxe4 Rc8 18. Rc1 Qb8 19. b4 Ba7 20. Rxc8+ Qxc8 21. Kf2 Nf6 22. Qd3 O-O 23. Rc1 Qb8 24. Rc2 Rd8 25. Qb3 Qe5 26. Kg2 Nd5 27. e4 Qd4 28. exd5 Qf2+ 29. Kh3 Rxd5 0-1

[Event "*** Titled Tuesday Blitz"]
[Site "Chess.com"]
[Date "2021.02.02"]
[Round "6"]
[White "Gerryisplaying"]
[Black "muchojogo"]
[Result "0-1"]
[WhiteElo "2307"]
[BlackElo "2470"]
[TimeControl "180+1"]
[EndTime "11:07:26 PST"]
[Termination "muchojogo won by resignation"]

1. d4 Nf6 2. Bg5 Ne4 3. Bf4 e6 4. Nd2 Nxd2 5. Qxd2 d5 6. e3 c5 7. Nf3 Bd6 8. dxc5 Bxc5 9. c4 Nc6 10. a3 O-O 11.
Rc1 dxc4 12. Bxc4 Be7 13. O-O Qxd2 14. Nxd2 e5 15. Bg3 Bf5 16. Bd5 Rfd8 17. Bxc6 bxc6 18. Nc4 f6 19. Na5 Rd2 20. Nxc6 Bf8 21. b4 h5 22. h3 Be4 23. Rfd1 Rxd1+ 24. Rxd1 Bxc6 25. f4 exf4 26. exf4 a5 27. Rc1 Be4 28. Be1 axb4 29. axb4 Rb8 30.
Rc4 Bd5 31. Rd4 Bc6 32. Kh2 Kf7 33. g4 hxg4 34. hxg4 Be7 35. Kg3 Rd8 36. Rc4 Rd3+ 37. Kh2 Bb5 38. Rc7 Re3 39. Bh4 Kg6 40. g5 fxg5 41. Bxg5 Bxg5 42. fxg5 Re5 43. Rc5 Rxc5 44. bxc5 Kxg5 45. Kg3 Bc6 0-1

[Event "*** Titled Tuesday Blitz"]
[Site "Chess.com"]
[Date "2021.02.02"]
[Round "6"]
[White "Eltaj_Safarli"]
[Black "Shahaliyev"]
[Result "1-0"]
[WhiteElo "2938"]
[BlackElo "2736"]
[TimeControl "180+1"]
[EndTime "11:07:27 PST"]
[Termination "Eltaj_Safarli won by resignation"]

1. e4 c5 2. Nc3 Nc6 3. Bb5 d6 4. Bxc6+ bxc6 5. d3 g6 6. f4 Bg7 7. Nf3 Nf6 8. O-O O-O 9. Qe1 Nd7 10. f5 c4 11. d4 c5 12. d5 e6 13. dxe6 fxe6 14.
fxg6 hxg6 15. Qg3 Ne5 16. Nxe5 Rxf1+ 17. Kxf1 Bxe5 18. Qxg6+ Kh8 19. Bg5 Qg8 20. Bf6+ Bxf6 21. Qxf6+ Qg7 22. Qd8+ Kh7 23. Qxd6 e5 24. Ne2 Bg4 25. Ng3 Rf8+ 26. Kg1 Rf4 27. Qxc5 1-0

[Event "*** Titled Tuesday Blitz"]
[Site "Chess.com"]
[Date "2021.02.02"]
[Round "6"]
[White "joejan"]
[Black "rynos0411"]
[Result "0-1"]
[WhiteElo "2233"]
[BlackElo "2406"]
[TimeControl "180+1"]
[EndTime "11:07:27 PST"]
[Termination "rynos0411 won by resignation"]

1. e4 c5 2. Nc3 d6 3. f4 g6 4. Nf3 Bg7 5. Bc4 Nc6 6. O-O e6 7. d3 Nge7 8. Qe1 a6 9. a4 Nd4 10. Qf2 d5 11. Ba2 O-O 12. Kh1 b5 13. f5 exf5 14.
exd5 b4 15. Ne2 Nxe2 16. Qxe2 Nxd5 17. Bg5 Nf6 18. Qe5 Qb6 19. a5 Qc6 20. Qf4 Bb7 21.
Qh4 Rfe8 22. Rf2 Ng4 23. Rd2 h6 24. Bf4 Bf6 25. Qg3 Kg7 26. h3 Ne3 27. Ne5 Bxe5 28.
Bxe5+ f6 29. Bf4 Nd5 30. Rf2 Nxf4 31. Qxf4 Re7 32. h4 h5 33. Qg3 Rae8 34. Rxf5 Qxg2+ 35.
Qxg2 Bxg2+ 0-1

[Event "*** Titled Tuesday Blitz"]
[Site "Chess.com"]
[Date "2021.02.02"]
[Round "6"]
[White "WilliamSchill"]
[Black "The_filthy"]
[Result "0-1"]
[WhiteElo "1975"]
[BlackElo "2225"]
[TimeControl "180+1"]
[EndTime "11:07:27 PST"]
[Termination "The_filthy won on time"]

1. e4 e6 2. d4 d5 3. Nc3 Nf6 4. e5 Nfd7 5. f4 c5 6. Nf3 Nc6 7. Be3 Be7 8. Qd2 O-O 9. Bd3 cxd4 10. Nxd4 Nxd4 11. Bxd4 f6 12. O-O f5 13. Qf2 a6 14.
Ne2 b6 15. a4 Nc5 16. a5 Nxd3 17. cxd3 bxa5 18. Bb6 Qd7 19. Rxa5 Bb4 20. Ra2 Qb5 21.
Nc3 Qxd3 22. Bc5 Bxc5 23. Qxc5 Bd7 24. Qd6 Rfd8 25. Ra5 Kf7 26. Qa3 h6 27. Rf3 Qc2 0-1

[Event "*** Titled Tuesday Blitz"]
[Site "Chess.com"]
[Date "2021.02.02"]
[Round "6"]
[White "oneshot007"]
[Black "ARTHURMOTIVATOR"]
[Result "1-0"]
[WhiteElo "2461"]
[BlackElo "2306"]
[TimeControl "180+1"]
[EndTime "11:07:28 PST"]
[Termination "oneshot007 won by resignation"]

1. e4 e5 2. Nf3 Nc6 3. d4 exd4 4. Nxd4 Bc5 5. Nxc6 Qf6 6. Qf3 bxc6 7. Nd2 Ne7 8.
Qxf6 gxf6 9. Nb3 Bb6 10. a4 a5 11. Bd2 d6 12. Bc3 O-O 13. Bxf6 Re8 14. f3 Nd5 15. Bg5 f5 16. O-O-O Be3+ 17. Bxe3 Nxe3 18. Re1 Nxf1 19. Rhxf1 c5 20. Nd2 Be6 21. exf5 Bxf5 22. Nc4 Reb8 23. Re7 Rb4 24. b3 Kf8 25. Rxc7 d5 26. Ne3 Be6 27. Rxc5 d4 28. Nd5 Rb7 29. Re1 Bf7 30. Nf4 Rab8 31. Rd1 Bxb3 32. cxb3 Rxb3 33. Rxd4 Ra3 34. Rc7 Ra2 35.
Rdd7 Ra1+ 36. Kd2 Ra2+ 37. Rc2 Rxa4 38. Rxh7 Rd8+ 39. Nd3 Kg8 40. Re7 Ra3 41. Rc3 Ra2+ 42. Rc2 a4 43. Rxa2 1-0

[Event "*** Titled Tuesday Blitz"]
[Site "Chess.com"]
[Date "2021.02.02"]
[Round "6"]
[White "chegueps"]
[Black "pavelalexandru07"]
[Result "1-0"]
[WhiteElo "2510"]
[BlackElo "2332"]
[TimeControl "180+1"]
[EndTime "11:07:29 PST"]
[Termination "chegueps won by resignation"]

1. e4 c5 2. Nf3 d6 3. d4 cxd4 4. Nxd4 Nf6 5. Nc3 a6 6. a3 e5 7.
Nf5 d5 8. Bg5 Bxf5 9. exf5 d4 10. Ne4 Be7 11. Bxf6 Bxf6 12. Bc4 O-O 13. O-O b5 14.
Bb3 Qb6 15. g4 Nd7 16. g5 Bd8 17. Qg4 Kh8 18. Rad1 Qc6 19. Rd3 Nc5 20. Nxc5 Qxc5 21.
Rh3 Qe7 22. f6 gxf6 23. Qf5 1-0

[Event "*** Titled Tuesday Blitz"]
[Site "Chess.com"]
[Date "2021.02.02"]
[Round "6"]
[White "kakakz"]
[Black "Ladislav1969"]
[Result "0-1"]
[WhiteElo "2450"]
[BlackElo "2323"]
[TimeControl "180+1"]
[EndTime "11:07:29 PST"]
[Termination "Ladislav1969 won by resignation"]

1. g3 Nf6 2. Bg2 d5 3. c4 dxc4 4. Qa4+ Nfd7 5. Nf3 g6 6. O-O Bg7 7. Qxc4 Nb6 8. Qc2 Nc6 9. Nc3 O-O 10. d3 e5 11. Bg5 Nd4 12. Qd2 Nxf3+ 13. Bxf3 Bf6 14. h4 Bh3 15. Rfc1 c6 16. Ne4 Bxg5 17. hxg5 Nd5 18.
Rc5 f5 19. gxf6 Nxf6 20. Qh6 Nxe4 21. Bxe4 Bf5 22. Rxe5 Qf6 23. Rc5 Bxe4 24. dxe4 Qxf2+ 25. Kh1 Qxc5 26. Re1 0-1

[Event "*** Titled Tuesday Blitz"]
[Site "Chess.com"]
[Date "2021.02.02"]
[Round "6"]
[White "Virgo15"]
[Black "Gabrielian_Artur"]
[Result "0-1"]
[WhiteElo "2599"]
[BlackElo "2786"]
[TimeControl "180+1"]
[EndTime "11:07:30 PST"]
[Termination "Gabrielian_Artur won by resignation"]

1. d4 Nf6 2. Bf4 g6 3. Nc3 d5 4. e3 Bg7 5. h4 c5 6. Nb5 Na6 7. c3 O-O 8. Nf3 Bg4 9. Be2 e6 10. a4 h5 11. Ne5 Bxe2 12. Qxe2 Nb8 13. f3 a6 14. Na3 cxd4 15. exd4 Nc6 16. Nc2 Nxe5 17.
Bxe5 Nd7 18. Bxg7 Kxg7 19. g4 Rh8 20. Ne3 hxg4 21. h5 gxf3 22. Qxf3 Nf6 23. hxg6 Rxh1+ 24. Qxh1 Qh8 25. Qxh8+ Rxh8 26. gxf7 Rh1+ 27. Nf1 Ne4 28. O-O-O Nf2 29. Ne3 Nxd1 30. Nxd1 Kxf7 31. Kc2 Rh2+ 32. Kb3 Re2 33. Ka2 Kf6 34. Kb3 Kf5 35. c4 Rd2 36. Nc3 Rxd4 37. c5 Rc4 0-1

[Event "*** Titled Tuesday Blitz"]
[Site "Chess.com"]
[Date "2021.02.02"]
[Round "6"]
[White "KaterinaMiroshnik"]
[Black "BigAl"]
[Result "1-0"]
[WhiteElo "2613"]
[BlackElo "2471"]
[TimeControl "180+1"]
[EndTime "11:07:32 PST"]
[Termination "KaterinaMiroshnik won by resignation"]

1. d4 g6 2. Nf3 Bg7 3. e3 Nf6 4.
Bd3 O-O 5. O-O d6 6. e4 Nc6 7. c3 e5 8. d5 Ne7 9. Nbd2 h6 10. Nc4 Nh5 11. b4 Kh8 12. a4 Ng8 13. Ra2 Qe8 14.
b5 f5 15. Nh4 Bf6 16. Nf3 f4 17. h3 Bd8 18. Nh2 g5 19. a5 Nhf6 20. Ba3 b6 21. Qe2 Rf7 22. Rfa1 Rb8 23. axb6 axb6 24. Bxd6 cxd6 25.
Nxd6 Qf8 26. Nxf7+ Qxf7 27. Ra7 Qg6 28. Nf3 Nd7 29.
Rxd7 Bxd7 30. Nxe5 Qe8 31. Nf3 g4 32. hxg4 Bxg4 33. Ra7 Bf6 34. e5 Be7 35. Qe4 Kg7 36.
Nh4 Ra8 37. Qh7+ Kf8 38. Ng6+ Qxg6 39. Bxg6 1-0

[Event "*** Titled Tuesday Blitz"]
[Site "Chess.com"]
[Date "2021.02.02"]
[Round "6"]
[White "mjray79"]
[Black "GMJustin"]
[Result "1-0"]
[WhiteElo "2509"]
[BlackElo "2312"]
[TimeControl "180+1"]
[EndTime "11:07:34 PST"]
[Termination "mjray79 won on time"]

1. d4 Nf6 2. c4 g6 3. Nc3 d5 4.
cxd5 Nxd5 5. e4 Nxc3 6. bxc3 Bg7 7. Bc4 O-O 8. Be3 c5 9. Ne2 Nc6 10. O-O Bg4 11. f3 Na5 12. Bd3 cxd4 13. cxd4 Be6 14.
Qa4 a6 15. Rac1 b5 16. Qa3 Nc4 17. Bxc4 Bxc4 18. Rfe1 Bxe2 19. Rxe2 Bxd4 20. Kh1 Bxe3 21. Rxe3 Qd2 22. Rce1 Rfd8 23. h4 Rac8 24. Qxe7 Qxa2 25.
h5 Rd2 26. Qg5 Qe6 27. f4 Rcc2 28. f5 Qe5 29. hxg6 hxg6 30. Rh3 Qg7 31. f6 1-0

[Event "*** Titled Tuesday Blitz"]
[Site "Chess.com"]
[Date "2021.02.02"]
[Round "6"]
[White "AntonovaNadezhda"]
[Black "sbouchet"]
[Result "0-1"]
[WhiteElo "2161"]
[BlackElo "2334"]
[TimeControl "180+1"]
[EndTime "11:07:34 PST"]
[Termination "sbouchet won by resignation"]

1. b3 c5 2. Bb2 Nc6 3. Nf3 d5 4. e3 a6 5. d4 Nf6 6. Bd3 Bg4 7.
Nbd2 e6 8. O-O cxd4 9. exd4 Be7 10. h3 Bh5 11. a3 Bg6 12. Bxg6 hxg6 13. c4 O-O 14. c5 Ne4 15. b4 f5 16. Ne5 Bf6 17. f3 Nxd2 18. Qxd2 Bxe5 19. dxe5 Qh4 20. Rfe1 Rfd8 21.
f4 d4 22. Rad1 Rd5 23. Qf2 Qh5 24. Rd3 g5 25. fxg5 Qxg5 26. Red1 Rad8 27. Bxd4 Nxe5 28.
R3d2 Nc4 29. Rd3 e5 30. Be3 Nxe3 31. Rxd5 Rxd5 32. Qa2 Qxg2+ 33. Qxg2 Rxd1+ 0-1

[Event "*** Titled Tuesday Blitz"]
[Site "Chess.com"]
[Date "2021.02.02"]
[Round "6"]
[White "JiiHart"]
[Black "Deepweb2020"]
[Result "0-1"]
[WhiteElo "2121"]
[BlackElo "2389"]
[TimeControl "180+1"]
[EndTime "11:07:35 PST"]
[Termination "Deepweb2020 won by resignation"]

1. e4 e5 2. Nf3 Nc6 3. Bb5 a6 4. Ba4 Nf6 5. O-O b5 6. Bb3 Bc5 7. Nxe5 Nxe5 8. d4 Bxd4 9. Qxd4 d6 10. c3 O-O 11. Bg5 c5 12. Qd1 Bb7 13. Nd2 h6 14. Bh4 Ng6 15. Bg3 Re8 16. Re1 d5 17. exd5 Rxe1+ 18. Qxe1 Nxd5 19. Nf3 Ndf4 20. Rd1 Qf6 21. Qe3 h5 22. Bc2 h4 23. Bxg6 hxg3 24. Bxf7+ Qxf7 25. hxg3 Nxg2 26. Kxg2 Rf8 27. Qf4 Qh5 28. Qxf8+ Kxf8 29. Rd8+ Ke7 0-1